[Event "Late-Titled-Tuesday-Blitz-September-19-2023"]
[Site "Chess.com"]
[Date "2023.09.19"]
[Round "8"]
[White "Verony64"]
[Black "Balla_Tamas"]
[Result "1-0"]
[WhiteElo "2293"]
[BlackElo "2410"]
[TimeControl "180+1"]
[EndTime "15:24:44 PDT"]
[Termination "Verony64 won by resignation"]

1. e4 c5 2. Nc3 Nc6 3. d3 g6 4. g3 Bg7 5. Bg2 d6 6. f4 e6 7. Nf3 Nge7 8. O-O O-O 9. Be3 Rb8 10.
Qd2 b5 11. Rae1 b4 12. Nd1 a5 13. g4 f5 14. gxf5 gxf5 15. Kh1 Kh8 16. Rg1 Bb7 17. Ng5 Qd7 18. Qe2 Ng8 19. Qh5 Nf6 20. Qh3 fxe4 21.
dxe4 Nd4 22. Bxd4 cxd4 23. e5 Bxg2+ 24. Rxg2 dxe5 25. fxe5 h6 26. exf6 Rxf6 27. Ne4 Rf4 28. Reg1 Rg8 29. Ndf2 Qd5 30. Rxg7 Rxg7 31. Qxh6+ Rh7 32.
Qxf4 1-0

[Event "Late-Titled-Tuesday-Blitz-September-19-2023"]
[Site "Chess.com"]
[Date "2023.09.19"]
[Round "8"]
[White "midedu"]
[Black "Journey_to_GrandMaster_YT"]
[Result "0-1"]
[WhiteElo "2068"]
[BlackElo "2646"]
[TimeControl "180+1"]
[EndTime "15:25:10 PDT"]
[Termination "Journey_to_GrandMaster_YT won by resignation"]

1. e4 d6 2. d4 Nf6 3. Nc3 e5 4.
Nge2 c6 5. a4 a5 6. h3 Be7 7.
Be3 Na6 8. g3 Nb4 9. Bg2 Be6 10.
O-O Bc4 11. f4 O-O 12. Rf2 Qc7 13. b3 Ba6 14. g4 Rad8 15. Ng3 exd4 16. Bxd4 d5 17.
exd5 Nfxd5 18. Nxd5 Nxd5 19. Qd2 Bb4 20. Qc1 Nc3 21. Be5 Qb6 22. Nf5 Ne2+ 0-1

[Event "Late-Titled-Tuesday-Blitz-September-19-2023"]
[Site "Chess.com"]
[Date "2023.09.19"]
[Round "8"]
[White "GlavkonVVS"]
[Black "whiteglovethief"]
[Result "1-0"]
[WhiteElo "2611"]
[BlackElo "2516"]
[TimeControl "180+1"]
[EndTime "15:25:12 PDT"]
[Termination "GlavkonVVS won by resignation"]

1. c4 g6 2. Nc3 Bg7 3. Nf3 c5 4. g3 Nc6 5. Bg2 Nf6 6. d3 O-O 7. a3 d6 8. Rb1 a6 9. b4 Rb8 10. bxc5 dxc5 11. O-O Nd4 12. Bf4 Ra8 13. Na4 Ne6 14.
Be3 Nd7 15. Ng5 Nxg5 16. Bxg5 Rb8 17. Qc1 f6 18. Be3 Qc7 19. Nc3 e6 20. Bf4 e5 21.
Nd5 Qd6 22. Bd2 b5 23. Ba5 bxc4 24. Rxb8 Qxb8 25. Qxc4 Kh8 26. Bc7 Qa7 27. Rb1 Bb7 28.
Bd6 Bxd5 29. Qxd5 Rd8 30. Rb7 Nb6 31. Qf7 1-0

[Event "Late-Titled-Tuesday-Blitz-September-19-2023"]
[Site "Chess.com"]
[Date "2023.09.19"]
[Round "8"]
[White "ukchessbomber"]
[Black "Parhamov"]
[Result "0-1"]
[WhiteElo "2702"]
[BlackElo "3022"]
[TimeControl "180+1"]
[EndTime "15:25:17 PDT"]
[Termination "Parhamov won on time"]

1. b4 a6 2. Bb2 h6 3. e4 d6 4. Nf3 Nc6 5. a3 Nf6 6. d3 g6 7.
Nbd2 Bg7 8. g3 O-O 9. Bg2 e5 10. O-O Nh5 11. Nc4 f5 12. Nh4 Nf4 13. exf5 gxf5 14.
Ne3 Nxg2 15. Nexg2 f4 16. gxf4 exf4 17. Bxg7 Kxg7 18.
Qh5 Qg5 19. Qxg5+ hxg5 20. Nf3 g4 21. Ng5 Nd4 22. Ne1 d5 23. c3 Ne2+ 24. Kh1 f3 25. Nc2 Rh8 26. Ne3 Bd7 27. Nxd5 Rxh2+ 28. Kxh2 Rh8+ 0-1

[Event "Late-Titled-Tuesday-Blitz-September-19-2023"]
[Site "Chess.com"]
[Date "2023.09.19"]
[Round "8"]
[White "Nekoo04"]
[Black "Road2GM3000"]
[Result "0-1"]
[WhiteElo "2338"]
[BlackElo "2491"]
[TimeControl "180+1"]
[EndTime "15:25:18 PDT"]
[Termination "Road2GM3000 won on time"]

1. d4 d5 2. c4 c6 3. Nf3 Nf6 4. g3 Bf5 5. Nc3 e6 6. Bg2 Nbd7 7. O-O Be7 8. b3 O-O 9. Bb2 Ne4 10. Nd2 Nxd2 11. Qxd2 Nf6 12. f3 Bb4 13. Qf4 Qa5 14. Rfc1 h6 15. e4 Bg6 16. a3 Be7 17. b4 Qd8 18. cxd5 exd5 19. e5 Nd7 20. h4 Re8 21. Re1 Nf8 22. Qd2 Ne6 23. Ne2 h5 24. Nf4 Nxf4 25. Qxf4 Qd7 26. Kh2 Qf5 27. Qe3 Qe6 28. Bh3 f5 0-1

[Event "Late-Titled-Tuesday-Blitz-September-19-2023"]
[Site "Chess.com"]
[Date "2023.09.19"]
[Round "8"]
[White "PNEPaul"]
[Black "traack"]
[Result "0-1"]
[WhiteElo "1948"]
[BlackElo "2367"]
[TimeControl "180+1"]
[EndTime "15:25:22 PDT"]
[Termination "traack won by resignation"]

1. e4 c5 2. Nf3 e6 3. d4 cxd4 4. c3 Nf6 5. Bd3 Nc6 6. Bf4 dxc3 7. Nxc3 Bb4 8. Qe2 d5 9. e5 Nd7 10. a3 Bxc3+ 11. bxc3 Nc5 12. Bc2 Qa5 13. Bd2 Qa6 14.
Qxa6 Nxa6 15. O-O Bd7 16. Rfe1 Rc8 17. Rac1 Na5 18. Nd4 Nc4 19. Bf4 Nxa3 20. Bd3 Nc4 21. Rb1 Rc7 22. Nb5 Bxb5 23. Rxb5 Nc5 24. Bxc4 dxc4 25. Be3 Nd3 26. Reb1 b6 27. Ra1 O-O 28. Bd4 Rd8 29. g3 h5 30. Kg2 Rxd4 31. cxd4 c3 0-1

[Event "Late-Titled-Tuesday-Blitz-September-19-2023"]
[Site "Chess.com"]
[Date "2023.09.19"]
[Round "8"]
[White "dropstoneDP"]
[Black "Msb2"]
[Result "1/2-1/2"]
[WhiteElo "3057"]
[BlackElo "3096"]
[TimeControl "180+1"]
[EndTime "15:25:27 PDT"]
[Termination "Game drawn by agreement"]

1. e4 e6 2. d4 d5 3. Nd2 c5 4. Ngf3 Nf6 5. exd5 Nxd5 6. Ne4 cxd4 7. Nxd4 Be7 8. Bc4 O-O 9. O-O Nf6 10. Nxf6+ Bxf6 11. c3 Bd7 12. Be3 Nc6 13. Nf3 Qc7 14. Bd3 Rfd8 15.
Qe2 Ne7 16. Bd4 Bxd4 17. Nxd4 Nc6 18. Nf3 Ne7 19. Ne5 Be8 20. Rfe1 Rd5 21. Nf3 Rad8 22. Be4 R5d6 23. Rad1 Bc6 24. Rxd6 Rxd6 25. Nd4 Bxe4 26. Qxe4 Qd7 27. g3 h6 28. Kg2 Nc6 29. Nxc6 Rxc6 30. Re2 Rd6 31. h4 Rd5 32. Qf3 b5 33. a3 a6 34. Qe4 h5 35. c4 bxc4 36. Qxc4 a5 37. Rc2 g6 38. Qc8+ Qxc8 39. Rxc8+ Kg7 40. b4 axb4 41. axb4 Rd3 42. b5 Rb3 43. Rb8 e5 44. b6 e4 45. b7 Rb1 46. Re8 Rxb7 47. Rxe4 Rb6 48. Re3 1/2-1/2

[Event "Late-Titled-Tuesday-Blitz-September-19-2023"]
[Site "Chess.com"]
[Date "2023.09.19"]
[Round "8"]
[White "andrzej"]
[Black "SCIM"]
[Result "0-1"]
[WhiteElo "2476"]
[BlackElo "2573"]
[TimeControl "180+1"]
[EndTime "15:25:32 PDT"]
[Termination "SCIM won by checkmate"]

1. e4 c5 2. Nf3 e6 3. d4 cxd4 4. Nxd4 a6 5. h3 Nc6 6. Nxc6 bxc6 7. Bd3 d5 8. Nd2 Bd6 9. O-O Ne7 10. Re1 e5 11. Qh5 O-O 12. exd5 g6 13. Qh6 cxd5 14.
Nf3 f6 15. Nh4 e4 16. Bf1 Nf5 17. Nxf5 Bxf5 18. Be3 Be5 19. c3 Rb8 20. Rad1 Rxb2 21. c4 d4 22. Bc1 Rxa2 23. g4 Bc8 24. Rxe4 Bb7 25. Ree1 Qd6 26. c5 Bh2# 0-1

[Event "Late-Titled-Tuesday-Blitz-September-19-2023"]
[Site "Chess.com"]
[Date "2023.09.19"]
[Round "8"]
[White "ilm2034"]
[Black "Eloist"]
[Result "1-0"]
[WhiteElo "2584"]
[BlackElo "2490"]
[TimeControl "180+1"]
[EndTime "15:25:35 PDT"]
[Termination "ilm2034 won by resignation"]

1. e4 e6 2. d4 d5 3. Nd2 c5 4.
exd5 Qxd5 5. Ngf3 cxd4 6. Bc4 Qd6 7. O-O Nf6 8. Nb3 Nc6 9. Nfxd4 Nxd4 10. Nxd4 a6 11. Re1 Qc7 12. Bb3 Bd6 13. Bg5 Bxh2+ 14. Kh1 Be5 15. c3 h6 16. Be3 O-O 17. Qf3 Bd7 18.
Rad1 Rad8 19. Bc2 Nd5 20. Bxh6 gxh6 21. Qe4 Nf6 22. Qxe5 Qxe5 23. Rxe5 Bc8 24. f3 Kg7 25. Kg1 Rd5 26. Rxd5 Nxd5 27. Kf2 Rd8 28. g3 Nf6 29. Nf5+ exf5 30. Rxd8 1-0

[Event "Late-Titled-Tuesday-Blitz-September-19-2023"]
[Site "Chess.com"]
[Date "2023.09.19"]
[Round "8"]
[White "Arystanner"]
[Black "sergeikim"]
[Result "1-0"]
[WhiteElo "2802"]
[BlackElo "2604"]
[TimeControl "180+1"]
[EndTime "15:25:43 PDT"]
[Termination "Arystanner won by resignation"]

1. d4 Nf6 2. c4 g6 3. Nc3 Bg7 4.
e4 d6 5. Be2 O-O 6. Be3 e5 7.
d5 a5 8. h4 Na6 9. h5 Nc5 10.
Qc2 Bd7 11. h6 Bh8 12. Nh3 a4 13. f3 Ne8 14. Nf2 c6 15. Nd3 b6 16. dxc6 Bxc6 17. Nb4 Bb7 18. O-O-O Nc7 19. Qd2 N7e6 20. Qxd6 Nd4 21. Qxd8 Rfxd8 22. Bxd4 exd4 23. Ncd5 Kf8 24. Kc2 Rab8 25. Bd3 Re8 26. g4 Nxd3 27. Kxd3 f5 28. gxf5 gxf5 29. Rh5 fxe4+ 30. fxe4 Re5 31. Rf1+ Ke8 32.
Rxe5+ Bxe5 33. Nf6+ Ke7 34. Nxh7 Rh8 35. Ng5 Rxh6 36.
Rf7+ Ke8 37. Rxb7 1-0

[Event "Late-Titled-Tuesday-Blitz-September-19-2023"]
[Site "Chess.com"]
[Date "2023.09.19"]
[Round "8"]
[White "Arteler"]
[Black "Jarming"]
[Result "1-0"]
[WhiteElo "2580"]
[BlackElo "2728"]
[TimeControl "180+1"]
[EndTime "15:25:46 PDT"]
[Termination "Arteler won by resignation"]

1. e4 c5 2. Nf3 d6 3. Bb5+ Nc6 4. O-O Bd7 5. c3 a6 6. Bd3 Bg4 7. h3 Bxf3 8. Qxf3 g6 9. Bc2 Bg7 10. Rd1 Rc8 11. d3 Nf6 12. Nd2 Nd7 13. Nf1 b5 14.
Qg3 b4 15. Bd2 bxc3 16. bxc3 O-O 17. Rab1 Rb8 18. Ne3 Qa5 19. Bb3 Be5 20. Qh4 Bf6 21. Qg3 Bxc3 22. Nc4 Qb4 23. Bc2 Bxd2 24. Rxb4 Bxb4 25.
Bb3 Nd4 26. Qg5 Rfe8 27. Ba4 Nb5 28. h4 Nf8 29. h5 Ne6 30. Qh4 Bc3 31. e5 d5 32. Ne3 Red8 33. Qxe7 Bxe5 34. Ng4 Bg7 35. h6 Bh8 36. Nf6+ Bxf6 37. Qxf6 Nbd4 38. Re1 Rb4 39.
Qxd8+ 1-0

[Event "Late-Titled-Tuesday-Blitz-September-19-2023"]
[Site "Chess.com"]
[Date "2023.09.19"]
[Round "8"]
[White "CuteSheepCloud"]
[Black "tarno17"]
[Result "1-0"]
[WhiteElo "2619"]
[BlackElo "2139"]
[TimeControl "180+1"]
[EndTime "15:25:53 PDT"]
[Termination "CuteSheepCloud won by resignation"]

1. e4 c5 2. Nc3 d6 3. Nge2 Nc6 4. d4 cxd4 5. Nxd4 a6 6. Bc4 e6 7. Be3 Nf6 8. f3 Be7 9. Qd2 Qc7 10. Bb3 O-O 11. O-O b5 12. a3 Bb7 13. Rad1 Rfd8 14.
Qf2 Nxd4 15. Bxd4 d5 16. Bb6 Qc6 17. exd5 Nxd5 18. Nxd5 exd5 19. Kh1 Rd7 20. Bd4 Bf6 21. c3 Re8 22. Bc2 Bxd4 23. Rxd4 Rde7 24. Qh4 h6 25.
Bb3 Qe6 26. h3 Qe2 27. Qf2 Qxf2 28. Rxf2 Re2 29. Rd2 Rxf2 30. Rxf2 Re1+ 31. Kh2 Kf8 32. Rd2 Rb1 33. Ba2 Ra1 34. Bxd5 Bxd5 35. Rxd5 Rb1 36. Rd2 Ke7 37. Kg3 f5 38. Kf4 Ke6 39. Ke3 g5 40.
Kd4 h5 41. Kc5 g4 42. fxg4 hxg4 43. hxg4 fxg4 44. Kb6 b4 45. cxb4 g3 46. Kxa6 Rf1 47.
Rd3 Rf2 48. Rxg3 Rxb2 49. b5 Ra2 50. b6 Kd6 51. b7 1-0

[Event "Late-Titled-Tuesday-Blitz-September-19-2023"]
[Site "Chess.com"]
[Date "2023.09.19"]
[Round "8"]
[White "WilsonPalencia21"]
[Black "AsaHoffmann"]
[Result "0-1"]
[WhiteElo "2550"]
[BlackElo "2386"]
[TimeControl "180+1"]
[EndTime "15:25:54 PDT"]
[Termination "AsaHoffmann won by resignation"]

1. d4 Nf6 2. c4 c5 3. d5 e5 4.
Nc3 d6 5. e4 Be7 6. h3 Nbd7 7.
g4 Nf8 8. Bd3 Ng6 9. Nge2 O-O 10. Be3 Nh4 11. Ng3 Ng2+ 12. Kd2 Nxe3 13. fxe3 a6 14. g5 Ne8 15. h4 Nc7 16. a4 b6 17. Qg1 Bd7 18. Nf5 Rb8 19. Kc2 b5 20. b3 bxc4 21. Bxc4 Rb4 22. Rf1 Bxf5 23. exf5 f6 24.
Ne4 Qb8 25. h5 Rxc4+ 26. bxc4 Qb4 27. Kd3 Qb3+ 28. Nc3 e4+ 29. Kxe4 Qxc3 30. h6 fxg5 31. f6 Qxc4+ 32. Kf3 Rxf6+ 33. Kg3 Rxf1 34. Qxf1 Qxf1 35. Rxf1 Nxd5 36. e4 Nf6 37. e5 dxe5 38. Rb1 gxh6 39. Rb8+ Kf7 40. Ra8 e4 41. Rxa6 h5 42. Rc6 h4+ 43.
Kh3 e3 44. Kg2 g4 45. a5 h3+ 46. Kg3 h2 0-1

[Event "Late-Titled-Tuesday-Blitz-September-19-2023"]
[Site "Chess.com"]
[Date "2023.09.19"]
[Round "8"]
[White "Angry_Twin"]
[Black "atigerman"]
[Result "1-0"]
[WhiteElo "2953"]
[BlackElo "2703"]
[TimeControl "180+1"]
[EndTime "15:26:11 PDT"]
[Termination "Angry_Twin won on time"]

1. e4 Nf6 2. e5 Nd5 3. d4 Nb6 4. c4 d6 5. exd6 cxd6 6. Nc3 g6 7. Be3 Bg7 8. Rc1 O-O 9. b3 Bf5 10. g4 Bc8 11. Bg2 Nc6 12. d5 Ne5 13. h3 f5 14. f4 Nf7 15. g5 e5 16. dxe6 Bxe6 17. Nge2 Re8 18. Bd4 Ne5 19. fxe5 Qxg5 20. Bxb7 dxe5 21.
Bxb6 axb6 22. Bxa8 Rxa8 23. Qd6 Qh4+ 24. Kf1 Bf7 25.
Rd1 e4 26. Qxb6 f4 27. Nxe4 f3 28. N2g3 Rxa2 29. Qd8+ Qxd8 30. Rxd8+ Bf8 31. Rd2 Ra3 32. Kf2 Rxb3 33. Rd8 Kg7 34. Rd7 Kg8 35. Ra1 Be6 36.
Nf6+ 1-0

[Event "Late-Titled-Tuesday-Blitz-September-19-2023"]
[Site "Chess.com"]
[Date "2023.09.19"]
[Round "8"]
[White "jk13"]
[Black "HajiyevKanan"]
[Result "1-0"]
[WhiteElo "2636"]
[BlackElo "2479"]
[TimeControl "180+1"]
[EndTime "15:26:12 PDT"]
[Termination "jk13 won on time"]

1. e4 c6 2. Nc3 d5 3. Nf3 a6 4.
h3 h6 5. d4 Nf6 6. Bd3 dxe4 7.
Nxe4 Nxe4 8. Bxe4 Nd7 9. c3 Nf6 10. Bc2 g5 11. Ne5 Bg7 12. O-O O-O 13. f4 gxf4 14.
Bxf4 Nd5 15. Bd2 c5 16. Qf3 cxd4 17. cxd4 Be6 18. Qd3 f5 19. Qg3 Nf6 20. Kh1 Qxd4 21. Bc3 Qd6 22. Rad1 Qb8 23. Qg6 Qe8 24. Qg3 Qh5 25. Ng6 Rf7 26. Nf4 Qg5 27. Qxg5 hxg5 28. Nxe6 Bh6 29. Bxf5 b5 30. Bg6 Ne4 31. Bxf7+ 1-0

[Event "Late-Titled-Tuesday-Blitz-September-19-2023"]
[Site "Chess.com"]
[Date "2023.09.19"]
[Round "8"]
[White "hellokostya"]
[Black "Der_Honigdachs"]
[Result "1/2-1/2"]
[WhiteElo "2608"]
[BlackElo "2524"]
[TimeControl "180+1"]
[EndTime "15:26:13 PDT"]
[Termination "Game drawn by repetition"]

1. d4 d5 2. c4 e6 3. Nf3 Nf6 4. Nc3 a6 5. cxd5 exd5 6. Bf4 Bd6 7. e3 O-O 8. Bd3 Bxf4 9. exf4 Re8+ 10. Ne5 c5 11.
O-O cxd4 12. Ne2 Nc6 13. Nxc6 bxc6 14. Nxd4 c5 15. Nf3 Bg4 16. h3 Bh5 17. g4 Nxg4 18.
hxg4 Bxg4 19. Kg2 Qf6 20. Qd2 Rab8 21. b3 Rb4 22. Kg3 Bxf3 23. Kxf3 g5 24. f5 Rf4+ 25. Kg3 Qe5 26. Rae1 Re4+ 27. f4 gxf4+ 28. Kf2 Qd4+ 29. Kg2 Rxe1 30. Rxe1 Rxe1 31. Qxe1 Qxd3 32. Qe8+ Kg7 33. Qe5+ Kf8 34. Qd6+ Ke8 35. Qc6+ Ke7 36. f6+ Kd8 37.
Qd6+ Kc8 38. Qc6+ Kb8 39. Qb6+ Ka8 40. Qc6+ Kb8 41. Qb6+ Ka8 42. Qc6+ Kb8 1/2-1/2

[Event "Late-Titled-Tuesday-Blitz-September-19-2023"]
[Site "Chess.com"]
[Date "2023.09.19"]
[Round "8"]
[White "IMRosen"]
[Black "rikchessmx"]
[Result "0-1"]
[WhiteElo "2545"]
[BlackElo "2349"]
[TimeControl "180+1"]
[EndTime "15:26:23 PDT"]
[Termination "rikchessmx won on time"]

1. e4 e5 2. Nf3 Nc6 3. Bc4 Bc5 4. c3 Qf6 5. d4 exd4 6. O-O Nge7 7. Bg5 Qg6 8. cxd4 Nxd4 9. Nxd4 Qxg5 10. Nf3 Qh5 11.
Nbd2 O-O 12. Rc1 Bb6 13. Be2 d6 14. Nc4 Qg6 15. Nxb6 axb6 16. Rxc7 Nc6 17. Bc4 Qf6 18. e5 dxe5 19. Qb3 Na5 20. Qa4 Qd6 21. Rxf7 Be6 22. Bxe6 Qxe6 23. Ng5 Qd5 24. Qh4 h6 25.
Rxf8+ Rxf8 26. Nf3 e4 27. Ne1 Nc4 28. Nc2 Nxb2 29.
Ne3 Qd4 30. Qe7 Nd3 31. Qe6+ Kh8 32. Ng4 b5 33. h3 h5 34. Ne3 Nxf2 0-1

[Event "Late-Titled-Tuesday-Blitz-September-19-2023"]
[Site "Chess.com"]
[Date "2023.09.19"]
[Round "8"]
[White "krzyzan94"]
[Black "amanmuhammethommadov"]
[Result "1-0"]
[WhiteElo "2801"]
[BlackElo "2574"]
[TimeControl "180+1"]
[EndTime "15:26:28 PDT"]
[Termination "krzyzan94 won by checkmate"]

1. Nf3 Nf6 2. c4 g6 3. g3 Bg7 4.
Bg2 O-O 5. O-O d6 6. d4 c6 7. Nc3 Bf5 8. Nh4 Be6 9. d5 cxd5 10. cxd5 Bd7 11. Be3 b5 12. Bd4 a5 13. Ne4 Nxe4 14. Bxe4 Bxd4 15. Qxd4 Na6 16. Rac1 Qb8 17. Nf3 Rc8 18.
Qd2 Nc5 19. Bb1 Qb7 20. Qh6 f6 21. Bxg6 hxg6 22. Qxg6+ Kf8 23. Rcd1 Na4 24. Qh7 Be8 25. Qh8+ Kf7 26. Nh4 Qd7 27. Qh7+ Kf8 28. Nf5 e5 29. Qh8+ Kf7 30. Qg7# 1-0

[Event "Late-Titled-Tuesday-Blitz-September-19-2023"]
[Site "Chess.com"]
[Date "2023.09.19"]
[Round "8"]
[White "miraitrunks"]
[Black "Inepton_Fermion"]
[Result "1-0"]
[WhiteElo "2152"]
[BlackElo "2363"]
[TimeControl "180+1"]
[EndTime "15:26:29 PDT"]
[Termination "miraitrunks won on time"]

1. e4 c5 2. c3 d5 3. exd5 Qxd5 4.
d4 Nf6 5. Na3 a6 6. Nf3 e6 7.
Be2 Be7 8. Nc4 Nbd7 9. O-O b5 10. Ne3 Qc6 11. Ne5 Qc7 12. Nxd7 Bxd7 13. dxc5 Bxc5 14.
Bf3 Rd8 15. Qe2 O-O 16. b4 Bd6 17. h3 Qxc3 18. Bb2 Qxb4 19. Rfd1 Be7 20. Rd4 Qc5 21. Rc1 Qg5 22. Rc7 Bc5 23. Rd3 Bc8 24. h4 Qf5 25.
Nxf5 1-0

[Event "Late-Titled-Tuesday-Blitz-September-19-2023"]
[Site "Chess.com"]
[Date "2023.09.19"]
[Round "8"]
[White "fyall777"]
[Black "Hirna2005"]
[Result "0-1"]
[WhiteElo "2534"]
[BlackElo "2383"]
[TimeControl "180+1"]
[EndTime "15:26:34 PDT"]
[Termination "Hirna2005 won on time"]

1. c4 g6 2. Nc3 Bg7 3. d4 d6 4.
Nf3 Bg4 5. e3 Nc6 6. Be2 e5 7.
dxe5 dxe5 8. Nd5 Nge7 9. O-O O-O 10. h3 Be6 11. e4 h6 12. Be3 f5 13. Qc1 Kh7 14. Rd1 Qc8 15. Bc5 Rf7 16. b4 fxe4 17.
Nxe7 Nxe7 18. Nd2 b6 19. Bxe7 Rxe7 20. Nxe4 Qf8 21. Bg4 Bf5 22. Ng3 e4 23. Rb1 Rae8 24. Qe3 Be5 25. Rd5 Bxg4 26. hxg4 Bf4 27. Qd4 e3 28. f3 Bxg3 0-1

[Event "Late-Titled-Tuesday-Blitz-September-19-2023"]
[Site "Chess.com"]
[Date "2023.09.19"]
[Round "8"]
[White "SlipperySpeedster"]
[Black "GeorgiosSouleidis"]
[Result "1-0"]
[WhiteElo "2653"]
[BlackElo "2516"]
[TimeControl "180+1"]
[EndTime "15:26:35 PDT"]
[Termination "SlipperySpeedster won on time"]

1. d4 Nf6 2. Nf3 g6 3. Nc3 d5 4.
Bf4 Bg7 5. e3 O-O 6. h4 c5 7.
Ne5 cxd4 8. exd4 Qb6 9. Na4 Qa5+ 10. c3 Nbd7 11. Bd3 Nxe5 12. Bxe5 Qd8 13. Qf3 b6 14. c4 Bd7 15. Nc3 dxc4 16. Bxc4 Rc8 17. Bd3 Bc6 18. Qg3 Nh5 19. Qe3 Nf6 20. f3 Re8 21. O-O-O Nd5 22. Nxd5 Bxd5+ 23. Kb1 f6 24. Bf4 Qd7 25.
Be4 e6 26. Qa3 Bf8 27. Qa6 Bc4 28. Qb7 Qxb7 29. Bxb7 Rcd8 30. Bc7 Rd7 31. Bc6 Rxc7 32. Bxe8 Bd6 33. Rc1 Bf4 34. Rc3 Bd2 35. Ra3 Bb4 36. Ra4 a5 37. a3 Bd3+ 38. Ka1 Bd2 39. d5 Kf8 40. Rd4 1-0

[Event "Late-Titled-Tuesday-Blitz-September-19-2023"]
[Site "Chess.com"]
[Date "2023.09.19"]
[Round "8"]
[White "Goryachkina"]
[Black "GMBenjaminBok"]
[Result "0-1"]
[WhiteElo "2685"]
[BlackElo "2953"]
[TimeControl "180+1"]
[EndTime "15:26:37 PDT"]
[Termination "GMBenjaminBok won on time"]

1. e4 c5 2. Nf3 d6 3. Bb5+ Nd7 4. O-O a6 5. Bxd7+ Bxd7 6. Re1 Bg4 7. h3 Bh5 8. c3 e6 9. d4 Be7 10. Bf4 Nf6 11. Nbd2 O-O 12. Qe2 cxd4 13. cxd4 Rc8 14. Nf1 d5 15. e5 Ne4 16. Rac1 Qa5 17. a3 h6 18. Qe3 Qb6 19. b4 a5 20. Ng3 Nxg3 21.
fxg3 axb4 22. axb4 Bxb4 23. g4 Bxe1 24. Rxe1 Bg6 25.
Nh4 Rc2 26. Kh1 Qb4 27. Bxh6 gxh6 28. Rf1 Qd2 29. Qg3 Rc1 30. Kh2 Rxf1 0-1

[Event "Late-Titled-Tuesday-Blitz-September-19-2023"]
[Site "Chess.com"]
[Date "2023.09.19"]
[Round "8"]
[White "Arimin1329"]
[Black "KorolDimitriy75"]
[Result "1-0"]
[WhiteElo "2283"]
[BlackElo "2361"]
[TimeControl "180+1"]
[EndTime "15:26:41 PDT"]
[Termination "Arimin1329 won on time"]

1. d4 Nf6 2. Nf3 c5 3. e3 g6 4. Be2 Bg7 5. O-O O-O 6. b3 Qb6 7. Bb2 d5 8. Nbd2 Rd8 9. c4 Nc6 10. Rc1 cxd4 11. Nxd4 e6 12. cxd5 exd5 13. N2f3 Bd7 14.
Bd3 Rac8 15. Qe2 Ne4 16. Nb5 Nb4 17. Bxg7 Nxd3 18. Rxc8 Rxc8 19. Nbd4 Kxg7 20. Qxd3 Rc3 21. Qb1 a6 22. h3 h6 23. Rc1 Qc7 24. Rxc3 Qxc3 25. Ne2 Qb4 26. Nf4 Bc6 27. Qb2+ Qc3 28. Qb1 h5 29. Nd4 a5 30. Qd1 Qb2 31. a4 Qxf2+ 32. Kh1 Qxe3 33. Nxh5+ gxh5 34. Nf5+ 1-0

[Event "Late-Titled-Tuesday-Blitz-September-19-2023"]
[Site "Chess.com"]
[Date "2023.09.19"]
[Round "8"]
[White "canary2016"]
[Black "Heinza9"]
[Result "0-1"]
[WhiteElo "2142"]
[BlackElo "2306"]
[TimeControl "180+1"]
[EndTime "15:26:41 PDT"]
[Termination "Heinza9 won by resignation"]

1. d4 f5 2. c4 Nf6 3. Nc3 d6 4. Nf3 g6 5. e3 Bg7 6. Bd3 O-O 7. O-O Nc6 8. Qe2 e5 9. dxe5 dxe5 10.
Rd1 Qe7 11. Bc2 e4 12. Nd4 Ne5 13. b3 c6 14. Bb2 Bd7 15. Rd2 Rae8 16. Rad1 g5 17.
a3 Kh8 18. b4 Bc8 19. c5 Qf7 20. Nb3 Qg6 21. Na2 Nd5 22. b5 g4 23. Nb4 Nf3+ 24.
Kh1 Nxd2 25. Rxd2 Bxb2 26. Nxd5 cxd5 27. Rxd5 Be6 28. Rd6 Be5 29. Rd1 Rd8 30. Rc1 Qf7 31. Na5 Bc3 32. Nxb7 Qxb7 33. Ba4 Rd2 34. Qf1 Qg7 35.
c6 Rfd8 36. Rxc3 Qxc3 0-1

[Event "Late-Titled-Tuesday-Blitz-September-19-2023"]
[Site "Chess.com"]
[Date "2023.09.19"]
[Round "8"]
[White "lefonghua"]
[Black "Djager97"]
[Result "0-1"]
[WhiteElo "2646"]
[BlackElo "2550"]
[TimeControl "180+1"]
[EndTime "15:26:43 PDT"]
[Termination "Djager97 won by checkmate"]

1. d4 Nf6 2. c4 c5 3. d5 d6 4. Nc3 g6 5. e4 Bg7 6. f4 O-O 7.
Nf3 e6 8. Be2 exd5 9. cxd5 b5 10. e5 dxe5 11. fxe5 Ng4 12. Bg5 Qb6 13. O-O Bb7 14. d6 c4+ 15. Kh1 Nxe5 16. Nd5 Bxd5 17. Qxd5 Nbd7 18. Be7 Qc6 19. Rad1 Qxd5 20. Rxd5 a6 21.
Bxf8 Kxf8 22. Ng5 h6 23. Ne6+ Kg8 24. Nxg7 Kxg7 25. Re1 Re8 26. Bf1 f5 27. Rdd1 Kf6 28. Kg1 Rc8 29. h3 g5 30. Kf2 f4 31. g3 b4 32. gxf4 gxf4 33. Rd4 c3 34. bxc3 bxc3 35. Rxf4+ Ke6 36. Bxa6 Ra8 37. Bc4+ Kxd6 38. Bb3 Nd3+ 39.
Ke3 Nxe1 40. Rd4+ Kc7 41. Rc4+ Kb6 42. Rxc3 Nc5 43. Rc4 Re8+ 44. Kf2 Ned3+ 45. Kg3 Re3+ 46. Kg2 Ne5 47. Rh4 Ne4 48. Rxh6+ Kc5 49. Rh8 Re2+ 50. Kg1 Nf3+ 51. Kf1 Ng3# 0-1

[Event "Late-Titled-Tuesday-Blitz-September-19-2023"]
[Site "Chess.com"]
[Date "2023.09.19"]
[Round "8"]
[White "zsoltkorpics"]
[Black "Chempiblinka"]
[Result "1-0"]
[WhiteElo "2343"]
[BlackElo "2204"]
[TimeControl "180+1"]
[EndTime "15:26:44 PDT"]
[Termination "zsoltkorpics won by resignation"]

1. e4 c5 2. Nf3 Nc6 3. d4 cxd4 4. Nxd4 g6 5. Nc3 Bg7 6. Be3 Nf6 7. Bc4 O-O 8. Bb3 a5 9. O-O a4 10. Nxa4 Nxe4 11. Nb5 d6 12. f3 Nf6 13. Nb6 Ra6 14.
Nxc8 Qxc8 15. c3 Na5 16. Bc2 Nc4 17. Qe2 Nxb2 18. Bxg6 hxg6 19. Qxb2 Nd5 20. Bd4 e5 21. Bf2 Qc4 22. Qb3 Rc8 23. Rad1 Bf8 24. Rxd5 Qxb3 25. axb3 Rac6 26. c4 Ra6 27. Rfd1 Rcc6 28. Be3 f5 29. g3 Be7 30. h4 Kf7 31. Bg5 Bf8 32. Kf2 Ke6 33. Re1 Ra2+ 34. Re2 Ra1 35. Nd4+ 1-0

[Event "Late-Titled-Tuesday-Blitz-September-19-2023"]
[Site "Chess.com"]
[Date "2023.09.19"]
[Round "8"]
[White "Cambek64"]
[Black "mac0504"]
[Result "1/2-1/2"]
[WhiteElo "2472"]
[BlackElo "2565"]
[TimeControl "180+1"]
[EndTime "15:26:46 PDT"]
[Termination "Game drawn by repetition"]

1. e4 c6 2. d4 g6 3. c4 d6 4. Nc3 Bg7 5. Be3 Nf6 6. f3 O-O 7. Qd2 a6 8. Bd3 b5 9. Nge2 e5 10. d5 cxd5 11. cxd5 Nbd7 12. O-O Nh5 13. a4 b4 14. Na2 a5 15. Nac1 f5 16. Nb3 Bb7 17. Rac1 Rc8 18. Rxc8 Bxc8 19. Rc1 Bb7 20. h3 fxe4 21.
fxe4 Nf4 22. Nxf4 exf4 23. Bxf4 Ne5 24. Be2 Qh4 25. Rf1 Bc8 26. Nxa5 Bxh3 27. gxh3 Bh6 28. Bxh6 Qg3+ 29. Kh1 Qxh3+ 30. Kg1 Qg3+ 31. Kh1 Qh3+ 32. Kg1 Qg3+ 33. Kh1 Qh3+ 1/2-1/2

[Event "Late-Titled-Tuesday-Blitz-September-19-2023"]
[Site "Chess.com"]
[Date "2023.09.19"]
[Round "8"]
[White "GoldenShare"]
[Black "tgpgoat"]
[Result "0-1"]
[WhiteElo "2585"]
[BlackElo "2517"]
[TimeControl "180+1"]
[EndTime "15:26:47 PDT"]
[Termination "tgpgoat won by resignation"]

1. e4 c5 2. Nc3 Nc6 3. Bb5 Nd4 4. Nf3 a6 5. Bd3 e6 6. O-O Nf6 7. Nxd4 cxd4 8. Ne2 Bc5 9. Ng3 d5 10. e5 Nd7 11. f4 O-O 12. b3 f6 13. Qh5 g6 14. Bxg6 hxg6 15. Qxg6+ Kh8 16. Qh6+ Kg8 17. Qg6+ Kh8 18. Nf5 Rf7 19. Qxf7 Qg8 20. Qh5+ Qh7 21. Qe8+ Qg8 22. Qxg8+ Kxg8 23. Nd6 fxe5 24.
fxe5 Nxe5 25. Nxc8 Rxc8 26. d3 Nf7 27. Bb2 e5 28.
Rac1 e4 29. Rce1 Re8 30. Rf4 Ne5 31. Rf5 exd3 32. cxd3 Nf3+ 33. gxf3 Rxe1+ 34. Kf2 Rb1 35. Rxd5 Rxb2+ 36. Kg3 Ba7 37. Rd8+ Kf7 38. Rd7+ Ke6 39. Rxb7 Bc5 40. b4 Bd6+ 41. Kg4 Rxh2 42. Rb6 Rxa2 43. f4 Kd5 44. f5 Rb2 45. Rb7 Rxb4 0-1